 Dungeon Crawl Stone Soup version 0.30.1-4-g462c640d31 (webtiles) character file.

Game seed: 17272658710521678354

384 Babbit the Covered (level 6, -13/56 HPs)
             Began as a Minotaur Fighter on Aug 25, 2023.
             Killed from afar by Dowan (24 damage)
             ... with a shard of ice
             ... on level 4 of the Dungeon.
             The game lasted 00:06:36 (3317 turns).

Babbit the Covered (Minotaur Fighter)               Turns: 3317, Time: 00:06:37

Health: -13/56     AC:  7    Str: 22    XL:     6   Next: 47%
Magic:  5/5        EV:  9    Int:  5    God:
Gold:   157        SH:  4    Dex: 10    Spells: 5/5 levels left

rFire   . . .        r - +1 war axe (heavy)
rCold   . . .        c - +0 buckler
rNeg    . . .        b - +0 scale mail
rPois   .            (helmet restricted)
rElec   .            (no cloak)
rCorr   .            (no gloves)
SInv    .            (no boots)
Will    .....        (no amulet) Stlth
                     (no ring)
HPRegen 0.29/turn    (no ring)
MPRegen 0.09/turn

%: no passive effects
@: no status effects
A: horns 2, retaliatory headbutt
a: no special abilities


You were on level 4 of the Dungeon.
You visited 1 branch of the dungeon, and saw 4 of its levels.

You collected 157 gold pieces.

Inventory:

Hand Weapons
 r - a +1 heavy war axe (weapon)
Armour
 b - a +0 scale mail (worn)
 c - a +0 buckler (worn)
Scrolls
 a - a scroll of torment {unknown}
 e - 2 scrolls of enchant armour
 h - a scroll of identify
 i - a scroll of blinking {unknown}
 j - a scroll of immolation {unknown}
 k - a scroll of teleportation {unknown}
 l - a scroll of amnesia {unknown}
 m - a scroll of vulnerability {unknown}
 n - a scroll of fog {unknown}
 o - a scroll of acquirement {unknown}
 q - a scroll of fear {unknown}
Potions
 d - 2 potions of might
 f - a potion of curing
 g - a potion of attraction


   Skills:
 + Level 5.2 Fighting
 + Level 5.1 Axes
 + Level 5.7 Armour
 + Level 0.8 Dodging
 + Level 4.4 Shields


You had 5 spell levels left.
You didn't know any spells.
Your spell library contained the following spells:

 Spells                   Type           Power      Damage    Failure   Level
 Apportation              Tloc           0%         N/A       85%         1
 Ignite Poison            Fire/Tmut/Pois 0%         N/A       99%         3
 Inner Flame              Hex/Fire       0%         N/A       99%         3
 Sticky Flame             Conj/Fire      0%         2d3       100%        4
 Alistair's Intoxication  Tmut/Pois      0%         N/A       100%        5
 Yara's Violent Unravell  Hex/Tmut       0%         3d3       100%        5
 Enfeeble                 Hex            0%         N/A       100%        7
 Ignition                 Fire           0%         3d3       100%        8


Dungeon Overview and Level Annotations

Branches:
Dungeon (4/15)
 Temple: D:4-7

Altars:
Wu Jian

Annotations:
D:4 Dowan


Innate Abilities, Weirdness & Mutations

You have a pair of horns on your head.
You reflexively headbutt those who attack you in melee.


Message History

You slash Dowan!
Duvessa hits you with a +2 short sword of speed.
You block Dowan's attack. Duvessa closely misses you. You furiously retaliate!
You headbutt Duvessa!
You kill Duvessa!
Dowan screams, "No!
No!"
Dowan seems to find hidden reserves of power!
Your Axes skill increases to level 5!
You closely miss Dowan.
Dowan is almost dead.
Dowan gestures wildly while chanting.
Dowan blinks!
Dowan casts a spell at you. The stone arrow misses you.
Dowan says, "How can I live without her?"
You closely miss Dowan. You headbutt Dowan, but do no damage.
Dowan is almost dead.
Dowan points at you and mumbles some strange words.
The stone arrow hits you!
* * * LOW HITPOINT WARNING * * *
Dowan hits you with a +0 dagger.
* * * LOW HITPOINT WARNING * * *
You block Dowan's attack.
You miss Dowan. Your headbutt misses Dowan.
Dowan is almost dead.
Dowan mumbles some strange words.
Dowan blinks!
Dowan hits you but does no damage.
Things that are here:
a +2 short sword of speed; a +0 leather armour You miss Dowan.
Dowan is almost dead.
Dowan hits you but does no damage.
Dowan mumbles some strange words.
Dowan blinks!
Dowan gestures at you while chanting. The stone arrow misses you.
Dowan gestures at you while chanting. The shard of ice hits you!!
You die...

.##.## ##.......##
##.....# .####
##.....## #.##..# .#
##...## #.##..# .#
##'## #.....# .# ...
#.###.# .. # #. #.#
#.# ## ##.#. #.###.#
##....#######.....#
#.....@ยง).....#####
##..e.#########
#..#. #. #. .. .. ##
##


You could see Dowan (fast).

Vanquished Creatures
  Duvessa (D:4)
  Terence (D:3)
  2 iguanas
  4 gnolls (D:4)
  7 adders
  A white imp (D:4)
  An ufetubus (D:4)
  A worm (D:2)
  A dart slug (D:2)
  4 orcs (D:3)
  7 ball pythons
  6 endoplasms
  13 goblins
  9 hobgoblins
  8 kobolds
  4 quokkas
  7 bats
  5 frilled lizards
  4 rats
86 creatures vanquished.

Notes
Turn   | Place    | Note
-------+----------+-------------------------------------------
     0 | D:1      | Babbit the Minotaur Fighter began the quest for the Orb.
     0 | D:1      | Reached XP level 1. HP: 19/19 MP: 0/0
   236 | D:1      | Reached XP level 2. HP: 22/27 MP: 1/1
   851 | D:2      | Reached XP level 3. HP: 31/33 MP: 2/2
  1527 | D:2      | Reached XP level 4. HP: 33/41 MP: 3/3
  2110 | D:3      | Reached XP level 5. HP: 47/47 MP: 4/4
  2184 | D:3      | Noticed Terence
  2189 | D:3      | Killed Terence
  2268 | D:3      | Found an ornate altar of the Wu Jian Council.
  2813 | D:4      | Reached skill level 5 in Fighting
  2818 | D:4      | Reached skill level 5 in Armour
  3211 | D:4      | Reached XP level 6. HP: 40/56 MP: 5/5
  3301 | D:4      | Noticed Duvessa
  3301 | D:4      | Noticed Dowan
  3310 | D:4      | Killed Duvessa
  3311 | D:4      | Reached skill level 5 in Axes
  3317 | D:4      | Killed from afar by Dowan

Illustrated notes

Levels and vault maps discovered:
D:1:      minmay_arrival_up_and_down, layout_basic
D:2:      layout_basic
D:3:      layout_loops_ring, nzn_wu_jian_council_hall, minmay_misc_feat_iff,
          roderic_serpentine_path, wander_ebering_terrifying_dragon_lair,
          uniq_terence
D:4:      layout_loops_corners, minmay_temple_entry_from_below_a,
          gammafunk_ghost_necromancy, guppyfry_shop_venom, uniq_duvessa

Skill      XL: |  1  2  3  4  5  6 |
---------------+-------------------+-----
Fighting       | 4 5 |  5.2
Armour         | 4 5 |  5.7
Shields        | 4 |  4.4
Axes           | 3 4 5 |  5.1
Dodging        | |  0.8

Action                     |  1- 3 |  4- 6 || total
---------------------------+-------+-------++-------
  Melee: War axe           |   109 |   108 ||   217
         Headbutt          |    11 |    16 ||    27
    Use: Scroll            |       |     5 ||     5
         Potion            |       |     1 ||     1
 Armour: Scale mail        |    54 |    40 ||    94
  Dodge: Dodged            |    41 |    61 ||   102
  Block: Buckler           |    24 |    29 ||    53
